Unix NetHack Version 3.7.0-88 Work-in-progress - last build Aug 1 2023 00:06:55 (6c2538ef3b57905bfe3a9f43e533da77bea2ed47,branch:master). Game began 2023-08-01 10:53:26, ended 2023-08-01 12:18:41. Arasaka, neutral male human Tourist ------- -------- |......########### |......| |.....| ####-......| |....>-## |......| |.....| # |......| ------- ########## |......| ####.......| -----|-- # # #### # # --.--- |.)..| |.Yf.| |.@+<| ------ Arasaka the Sightseer St:15 Dx:9 Co:15 In:13 Wi:9 Ch:12 Neutral Dlvl:8 $:307 HP:0(53) Pw:15(15) AC:0 Xp:5/275 T:3499 Latest messages: Behemoth bites the ape. The ape misses Behemoth. The ape misses Behemoth. The ape misses Behemoth. The leprechaun just misses! The hill orc misses! The leprechaun hits! Your purse feels lighter. The ape misses! The ape hits! The ape bites! Behemoth bites the ape. The ape is killed! Behemoth eats an ape corpse. What do you want to write with? [- auyHILQT or ?*] You write in the dust with your fingertip. What do you want to write in the dust here? Elbereth The ape turns to flee. Really save? [yn] (n) Saving... Restoring save file... Aloha Arasaka, the human Tourist, welcome back to NetHack! You are lucky! Full moon tonight. Something is written here in the dust. You read: "Elbereth". What do you want to invoke? [*] Never mind. In what direction? The dart misses the ape. What do you want to zap? [yILT or ?*] Nothing happens. The ape misses! The ape misses! The ape bites! You hit the ape! The ape hits! The ape hits again! You die... Inventory: Coins ('$') $ - 307 gold pieces Weapons (')') a - 19 uncursed +2 darts (at the ready) Q - an uncursed +2 dart u - an uncursed +0 orcish dagger H - an uncursed +0 scimitar (weapon in hand) Armor ('[') o - an uncursed +0 orcish helm (being worn) M - an uncursed +0 pair of low boots (being worn) S - an uncursed +0 dwarvish roundshield (being worn) E - an uncursed +0 banded mail (being worn) Comestibles ('%') b - 2 uncursed tacos e - 5 uncursed food rations d - 2 uncursed tripe rations C - an uncursed tripe ration c - an uncursed egg Scrolls ('?') P - an uncursed scroll of food detection N - a cursed scroll of identify i - 4 uncursed scrolls of magic mapping O - an uncursed scroll of scare monster Wands ('/') I - an uncursed wand of create monster (0:12) T - an uncursed wand of create monster (0:4) y - an uncursed wand of death (0:4) L - an uncursed wand of striking (0:0) Tools ('(') l - an uncursed credit card k - an uncursed expensive camera (0:85) t - a cursed skeleton key m - an uncursed tin opener Arasaka the Tourist's attributes: Background: You were a Sightseer, a level 5 male human Tourist. You were neutral, on a mission for The Lady who was opposed by Blind Io (lawful) and Offler (chaotic). You were in the Dungeons of Doom, on level 8. You entered the dungeon 3499 turns ago. There was a full moon in effect when your adventure ended. You had 275 experience points, 45 more were needed to attain level 6. Basics: You had 0 out of 53 hit points. You had all 15 energy points (spell power). Your armor class was 0. Your wallet contained 307 zorkmids. Autopickup was on for '$"?' plus thrown, with exceptions. Final Characteristics: Your strength was 15 (limit:18/100). Your dexterity was 9 (limit:18). Your constitution was 15 (peak:18, limit:18). Your intelligence was 13 (limit:18). Your wisdom was 9 (limit:18). Your charisma was 12 (limit:18). Final Status: You were not hungry. You were unencumbered. You were wielding a saber. You had basic skill with saber. Final Attributes: You were piously aligned. You were warded. You were lucky. The Lady was angry with you. You are dead. Miscellaneous: You disabled loading of bones levels. Total elapsed playing time was 23 minutes and 4 seconds. Major events: Turn 1: Arasaka the neutral male human Tourist entered the dungeon 1232: entered the Gnomish Mines 1305: attained the rank of Sightseer (level 3) 3499: killed by an ape Vanquished creatures: a leprechaun a raven an ape a rope golem a wood nymph a rock mole a yellow light a shrieker a violet fungus a straw golem a giant ant a dwarf 2 homunculi 4 hill orcs a rothe a rabid rat 2 orc zombies a wererat 2 werejackals 2 iguanas an acid blob a hobbit 2 manes a large kobold a hobgoblin 4 giant rats a cave spider a brown mold a red mold 2 geckos 8 jackals a fox a kobold 4 goblins 4 sewer rats 4 grid bugs 2 lichens a kobold zombie a newt 68 creatures vanquished. No species were genocided or became extinct. Voluntary challenges: You read items or engraved 10 times. You engraved Elbereth 4 times. You never genocided any monsters. You never polymorphed an object. You never changed form. You used no wishes. Achievements: You entered the Gnomish Mines. You attained the rank of Sightseer. You entered a shop. The Dungeons of Doom: levels 1 to 9 Level 1: "l" A fountain. Level 2: A fountain. Level 3: Level 4: "s" A fountain. Stairs down to The Gnomish Mines. Level 5: A potion shop. Level 6: Level 7: Level 8: <- You were here. Final resting place for you, killed by an ape. Level 9: The Gnomish Mines: Level 5: Game over: ---------- / \ / REST \ / IN \ / PEACE \ / \ | Arasaka | | 307 Au | | killed by an ape | | | | | | | | 2023 | *| * * * | * _________)/\\_//(\/(/\)/\//\/|_)_______ Aloha Arasaka the Tourist... You died in The Dungeons of Doom on dungeon level 8 with 1623 points, and 307 pieces of gold, after 3499 moves. You were level 5 with a maximum of 53 hit points when you died.